 Dungeon Crawl Stone Soup version 0.22-b1-21-g5cfc168 (webtiles) character file.

698 wojtek the Cleaver (level 7, -3/59 HPs)
             Began as a Minotaur Fighter on Aug 3, 2018.
             Slain by an ogre
             ... wielding a +0 giant club
              (20 damage)
             ... on level 5 of the Dungeon.
             The game lasted 00:03:36 (4861 turns).

wojtek the Cleaver (Minotaur Fighter)               Turns: 4861, Time: 00:03:36

Health: -3/59      AC:  5    Str: 22    XL:     7   Next: 38%
Magic:  6/6        EV:  8    Int:  5    God:
Gold:   203        SH:  9    Dex: 10    Spells: 6/6 levels left

rFire    . . .     SeeInvis .   a - +0 war axe
rCold    . . .     Gourm    .   c - +0 shield
rNeg     . . .     Faith    .   b - +0 scale mail
rPois    .         Spirit   .   (helmet restricted)
rElec    .         Reflect  .   x - +0 cloak
rCorr    .         Harm     .   s - +0 pair of gloves
MR       .....                  (no boots)
Stlth    ..........             (no amulet)
HPRegen  0.19/turn              (no ring)
MPRegen  0.10/turn              (no ring)

@: corroded
A: retaliatory headbutt, horns 2
a: no special abilities


You were on level 5 of the Dungeon.
You were not hungry.

You visited 1 branch of the dungeon, and saw 5 of its levels.

You collected 203 gold pieces.

Inventory:

Hand Weapons
 a - a +0 war axe (weapon)
Armour
 b - a +0 scale mail (worn)
 c - a +0 shield (worn)
 k - a +2 ring mail of poison resistance
 s - a +0 pair of gloves (worn)
 x - a +0 cloak (worn)
Jewellery
 o - a cursed ring of teleportation {unknown}
 q - an uncursed ring of protection from magic {unknown}
Wands
 t - a wand of digging (5)
 y - a wand of enslavement (7)
Scrolls
 e - 8 scrolls of identify {unknown}
 h - a scroll of remove curse {unknown}
 i - a scroll of noise {unknown}
 m - a scroll of amnesia {unknown}
 n - 2 scrolls of random uselessness {unknown}
 r - a scroll of magic mapping {unknown}
 v - a scroll of immolation {unknown}
Potions
 d - a potion of might
 g - 2 potions of lignification {unknown}
 j - a potion of resistance {unknown}
 l - a potion of cancellation {unknown}
 p - a potion of mutation {unknown}
 u - a potion of agility
 w - a potion of degeneration {unknown}
 z - a potion of curing {unknown}
 B - a potion of invisibility {unknown}
Comestibles
 f - 8 rations
 A - 2 chunks of flesh


   Skills:
 + Level 4.1 Fighting
 * Level 8.9 Axes
 + Level 4.2 Armour
 + Level 1.4 Dodging
 + Level 4.1 Shields
 + Level 1.2 Evocations


You had 6 spell levels left.
You didn't know any spells.
Your spell library was empty.

Dungeon Overview and Level Annotations

Branches:
Dungeon (5/15)
 Temple: D:4-7

Altars:
Fedhas


Innate Abilities, Weirdness & Mutations

You reflexively headbutt those who attack you in melee.
You have a pair of horns on your head.


Message History

You hit the jelly. The acid corrodes you!
Your hands burn!
You headbutt the jelly.
You kill the jelly!
No target in view!
No target in view!
An ogre comes into view. It is wielding a giant club.
The ogre shouts!
The ogre hits you with a giant club!
You see here a blackened copper ring.
You barely miss the ogre. The ogre hits you with a giant club!
* * * LOW HITPOINT WARNING * * *
You are too injured to fight recklessly!
You hit the ogre but do no damage. You block the ogre's attack.
You slash the ogre!
The ogre is heavily wounded.
You slash the ogre!
You headbutt the ogre, but do no damage.
The ogre is severely wounded.
The ogre hits you with a giant club!!
You die...

....
...
...
..#
#.#
#.#
#O#
#@#
#.#
#.#
#.#
#.#
#.#
#.#
#.#
#.#


You could see an ogre.

Vanquished Creatures
  Grinder (D:3)
  An ogre (D:4)
  A jelly (D:5)
  Crazy Yiuf (D:3)
  2 hounds
  Natasha (thrice) (D:3)
  A worker ant (D:4)
  A hound zombie (D:5)
  Robin (D:3)
  8 adders
  2 shadow imps (D:5)
  An ooze (D:4)
  An adder zombie (D:5)
  A worm (D:2)
  5 dart slugs
  2 leopard geckos (D:4)
  3 giant cockroaches
  10 goblins
  10 hobgoblins
  7 jackals
  4 kobolds
  2 quokkas
  7 bats
  2 frilled lizards
  6 rats
83 creatures vanquished.

Notes
Turn   | Place    | Note
-------+----------+-------------------------------------------
     0 | D:1      | wojtek the Minotaur Fighter began the quest for the Orb.
     0 | D:1      | Reached XP level 1. HP: 19/19 MP: 0/0
    99 | D:1      | Reached skill level 3 in Axes
   226 | D:1      | Reached XP level 2. HP: 26/26 MP: 1/1
  1029 | D:2      | Reached skill level 4 in Axes
  1212 | D:2      | Reached XP level 3. HP: 30/31 MP: 2/2
  1600 | D:2      | Reached skill level 5 in Axes
  2022 | D:2      | Reached XP level 4. HP: 28/39 MP: 3/3
  2179 | D:3      | Noticed Natasha
  2191 | D:3      | Killed Natasha
  2474 | D:3      | Noticed Robin
  2483 | D:3      | Killed Robin
  2483 | D:3      | Reached skill level 6 in Axes
  2620 | D:3      | Noticed Natasha
  2633 | D:3      | Killed Natasha
  2633 | D:3      | Reached XP level 5. HP: 10/45 MP: 4/4
  2894 | D:3      | Found a faded altar of an unknown god.
  2961 | D:3      | Found a blossoming altar of Fedhas.
  3027 | D:3      | Noticed Natasha
  3040 | D:3      | Killed Natasha
  3448 | D:3      | Noticed Grinder
  3462 | D:3      | Paralysed by Grinder for 3 turns
  3470 | D:3      | Killed Grinder
  3470 | D:3      | Reached skill level 8 in Axes
  3470 | D:3      | Reached XP level 6. HP: 26/51 MP: 5/5
  3662 | D:3      | Found a runed door.
  3762 | D:3      | Noticed Crazy Yiuf
  3767 | D:3      | Killed Crazy Yiuf
  3932 | D:4      | Reached XP level 7. HP: 25/58 MP: 6/6
  4161 | D:4      | Reached skill level 1 in Dodging
  4451 | D:4      | Reached skill level 1 in Evocations
  4711 | D:5      | Entered Level 5 of the Dungeon
  4861 | D:5      | Slain by an ogre

Skill      XL: |  1  2  3  4  5  6  7 |
---------------+----------------------+-----
Axes           | 3 4 5 6 8 |  8.9
Dodging        | 1 |  1.4
Armour         | 4 |  4.2
Fighting       | 4 |  4.1
Shields        | 4 |  4.1
Evocations     | 1 |  1.2

Action                   |  1- 3 |  4- 6 |  7- 9 || total
-------------------------+-------+-------+-------++-------
Melee: War axe           |    84 |   105 |    59 ||   248
       Headbutt          |    10 |    21 |    11 ||    42
  Eat: Chunk             |     2 |     8 |     3 ||    13
Armor: Scale mail        |    39 |    42 |    18 ||    99
Dodge: Dodged            |    15 |    28 |    17 ||    60
Block: Shield            |    44 |    46 |    28 ||   118
